 Dungeon Crawl Stone Soup version 0.28-a0-863-g8cecda6153 (webtiles) character file.

Game seed: 8554436082351880989

224664 mandarbmax the Force of Nature (level 18, -10/155 HPs)
             Began as a Demonspawn Venom Mage on Nov 17, 2021.
             Was the Champion of Fedhas.
             Shot with an arrow by a satyr (14 damage)
             ... on level 4 of the Shoals.
             The game lasted 02:28:01 (53082 turns).

mandarbmax the Force of Nature (DsVM)              Turns: 53082, Time: 02:28:02

Health: -10/155    AC: 26    Str: 12    XL:     18   Next: 59%
Magic:  29/30      EV: 19    Int: 36    God:    Fedhas [******]
Gold:   2559       SH: 11    Dex: 18    Spells: 4/34 levels left

rFire   + + +      SeeInvis .   X - +7 quick blade (vamp)
rCold   . . .      Faith    .   u - +1 buckler
rNeg    + . .      Spirit   .   H - +0 steam dragon scales
rPois   .          Reflect  +   w - +2 helmet {Int+3}
rElec   +          Harm     .   r - +1 cloak "Hullofag" {rElec rF+++ Str+4 Int-3}
rCorr   .          Rampage  .   o - +2 pair of gloves
Will    +....                   (boots unavailable)
Stlth   ++++......              d - amulet "Upuapli" {Reflect rN+ SH+5}
HPRegen 0.35/turn               e - +6 ring of intelligence
MPRegen 0.22/turn               B - ring "Kesoug" {Int+6 Dex+3 Slay+2}

@: ice-armoured, afraid, studying Throwing
A: hooves 3, rugged brown scales 3, powered by pain 1, spiny 3, deterioration 1
}: 1/15 runes: gossamer
a: Renounce Religion, Wall of Briars, Grow Ballistomycete, Overgrow, Grow Oklob


You were on level 4 of the Shoals.
You worshipped Fedhas.
Fedhas was exalted by your worship.
You visited 6 branches of the dungeon, and saw 32 of its levels.

You collected 4151 gold pieces.
You spent 1592 gold pieces at shops.

Inventory:

Hand Weapons
 X - a +7 vampiric quick blade (weapon)
Missiles
 t - 5 throwing nets
Armour
 o - a +2 pair of gloves (worn)
 r - the +1 cloak "Hullofag" (worn) {rElec rF+++ Str+4 Int-3}
   (You acquired it on level 13 of the Dungeon)

   Str:       It affects your strength (+4).
   Int:       It affects your intelligence (-3).
   rF:        It renders you almost immune to fire.
   rElec:     It insulates you from electricity.
 u - a +1 buckler (worn)
 w - a +2 helmet of intelligence (worn)
 H - +0 steam dragon scales (worn)
Jewellery
 b - a ring of protection from fire
 d - the amulet "Upuapli" (around neck) {Reflect rN+ SH+5}
   (You took it off an orc warrior on level 11 of the Dungeon)

   [amulet of reflection]

   It reflects blocked missile attacks.
   rN:        It protects you from negative energy.
   SH:        It affects your SH (+5).
 e - a +6 ring of intelligence (left hand)
 l - a +4 ring of protection
 q - the ring "Ipo Ahum" {EV+4 Str+2 Int+4 Slay-3 SInv}
   (You acquired it on level 2 of the Lair of Beasts)

   [ring of evasion]

   EV:        It affects your evasion (+4).
   Str:       It affects your strength (+2).
   Int:       It affects your intelligence (+4).
   Slay:      It affects your accuracy & damage with ranged weapons and melee
   (-3).
   SInv:      It lets you see invisible.
 B - the ring "Kesoug" (right hand) {Int+6 Dex+3 Slay+2}
   (You found it on level 1 of the Shoals)

   [ring of intelligence]

   Int:       It affects your intelligence (+6).
   Dex:       It affects your dexterity (+3).
   Slay:      It affects your accuracy & damage with ranged weapons and melee
   (+2).
 U - a +6 ring of strength
 V - a ring of willpower
Wands
 j - a wand of acid (13)
 k - a wand of digging (5)
 x - a wand of mindburst (21)
 y - a wand of polymorph (20)
 A - a wand of iceblast (29)
 M - a wand of charming (23)
 O - a wand of flame (75) (quivered)
 T - a wand of paralysis (9)
Scrolls
 g - 2 scrolls of immolation
 h - 12 scrolls of teleportation
 s - 3 scrolls of blinking
 v - a scroll of torment
 C - 4 scrolls of magic mapping
 D - 4 scrolls of fog
 F - 4 scrolls of silence
 I - a scroll of vulnerability
 J - 3 scrolls of fear
 P - 3 scrolls of summoning
 R - 5 scrolls of enchant armour
 Z - 8 scrolls of identify
Potions
 a - 2 potions of magic
 c - 3 potions of berserk rage
 f - 3 potions of brilliance
 i - a potion of heal wounds
 n - 8 potions of haste
 p - 6 potions of lignification
 E - 3 potions of resistance
 G - a potion of flight
 K - 3 potions of might
 L - 4 potions of mutation
 Q - 5 potions of ambrosia
 S - 3 potions of curing
Miscellaneous
 Y - a box of beasts


   Skills:
 + Level 13.9 Fighting
 - Level 8.0 Short Blades
 - Level 4.6 Staves
 + Level 11.9 Dodging
 - Level 8.0 Stealth
 - Level 4.0 Shields
 + Level 8.8 Spellcasting
 - Level 16.0 Necromancy
 - Level 6.0 Transmutations
 - Level 8.0 Ice Magic
 - Level 10.0 Poison Magic
 - Level 16.0 Invocations
 - Level 8.0 Evocations


You had 4 spell levels left.
You knew the following spells:

 Your Spells              Type           Power      Damage    Failure   Level
a - Infestation           Necr           46%        N/A       24%         8
b - Eringya's Noxious Bo  Tmut/Pois      32%        N/A       16%         6
c - Olgreb's Toxic Radia  Pois           73%        N/A       1%          4
d - Ozocubu's Armour      Ice            65%        N/A       1%          3
e - Mephitic Cloud        Conj/Pois/Air  39%        N/A       1%          3
z - Simulacrum            Ice/Necr       40%        N/A       3%          6

Your spell library contained the following spells:

 Spells                   Type           Power      Damage    Failure   Level
 Freeze                   Ice            100%       1d11      1%          1
 Sting                    Tmut/Pois      100%       1d8       1%          1
 Poisonous Vapours        Pois/Air       100%       N/A       1%          2
 Frozen Ramparts          Ice            100%       1d12      1%          3
 Animate Dead             Necr           46%        N/A       1%          4
 Foxfire                  Conj/Fire      60%        2x1d7     2%          1
 Shock                    Conj/Air       60%        1d6       2%          1
 Slow                     Hex            60%        N/A       2%          1
 Blink                    Tloc           30%        N/A       4%          2
 Hailstorm                Conj/Ice       44%        3d10      4%          4
 Confusing Touch          Hex            15%        N/A       8%          3
 Conjure Flame            Conj/Fire      15%        6-21      8%          3
 Dazzling Flash           Conj/Hex       30%        N/A       8%          3
 Gell's Gravitas          Tloc           15%        N/A       8%          3
 Inner Flame              Hex/Fire       15%        N/A       8%          3
 Swiftness                Air            15%        N/A       8%          3
 Teleport Other           Tloc           15%        N/A       8%          3
 Petrify                  Tmut/Erth      37%        N/A       8%          4
 Airstrike                Air            7%         N/A       26%         4
 Flame Wave               Conj/Fire      15%        3d5       26%         4
 Iskenderun's Mystic Bla  Conj/Tloc      15%        2d5       26%         4
 Summon Lightning Spire   Summ/Air       15%        N/A       26%         4
 Agony                    Necr           92%        N/A       1%          5
 Alistair's Intoxication  Tmut/Pois      43%        N/A       2%          5
 Borgnjor's Vile Clutch   Necr/Erth      32%        N/A       2%          5
 Metabolic Englaciation   Hex/Ice        22%        N/A       14%         5
 Yara's Violent Unravell  Hex/Tmut       18%        3d9       22%         5
 Manifold Assault         Tloc           15%        N/A       58%         5
 Silence                  Hex/Air        7%         N/A       58%         5
 Haunt                    Necr/Summ      32%        N/A       63%         7
 Statue Form              Tmut/Erth      24%        N/A       75%         6
 Dispersal                Tloc           7%         N/A       99%         6
 Starburst                Conj/Fire      7%         6d4       99%         6
 Storm Form               Tmut/Air       18%        N/A       100%        7
 Maxwell's Capacitive Co  Air            7%         ∞         100%        8


Dungeon Overview and Level Annotations

Branches:
Dungeon (15/15)            Temple (1/1) D:5            Lair (6/6) D:11
 Shoals (4/4) Lair:3       Spider (4/4) Lair:2        Slime (0/5) Lair:6
    Orc (2/2) D:10            Elf (0/3) Orc:2        Vaults (0/5) D:13
 Depths (0/4) D:15

Altars:
Ashenzari
Cheibriados
Dithmenos
Elyvilon
Fedhas
Gozag
Hepliaklqana
Kikubaaqudgha
Makhleb
Nemelex Xobeh
Okawaru
Qazlal
Ru
Sif Muna
Trog
Uskayaw
Vehumet
Wu Jian
Xom
Yredelemnul
Zin
The Shining One
Beogh
Jiyva

Shops:
D:1 (   D:6 ?   D:8 *?=[*   Orc:2 *?([


Innate Abilities, Weirdness & Mutations

You have hooves in place of feet.
You are completely covered in rugged brown scales. (AC +3, +7% HP)
You sometimes gain a little power by taking damage.
You are completely covered in sharp spines.
Your body sometimes deteriorates upon taking damage.


Message History

The death scarab is severely damaged.
Unknown command.
You completely miss the death scarab.
The death scarab is severely damaged.
You block the death scarab's attack.
Unknown command.
You hit the death scarab.
The death scarab is almost destroyed.
You block the death scarab's attack.
The snapping turtle is engulfed in blazing flames.
You kill the snapping turtle!
Fedhas appreciates your contribution to the ecosystem.
A death scarab bursts from the snapping turtle!
You hit the death scarab.
You kick the death scarab, but do no damage.
The death scarab is almost destroyed.
You block the death scarab's attack.
You puncture the death scarab!
You destroy the death scarab!
The satyr plays a frightful melody on his pipes!
The satyr radiates an aura of fear!
You are terrified of the satyr!
Unknown command.
Unknown command.
Unknown command.
The satyr shoots a sling bullet.
The sling bullet hits you but does no damage.
Unknown command.
The satyr looks more healthy.
Unknown command.
The satyr shoots a sling bullet.
The sling bullet hits you!!
* * * LOW HITPOINT WARNING * * *
You focus on the pain.
You feel your power returning.
The satyr shoots a sling bullet.
The sling bullet hits you!
* * * LOW HITPOINT WARNING * * *
A snapping turtle comes into view.
The satyr unwields a +0 club.
The satyr wields a +0 longbow.
The satyr shoots an arrow.
The arrow hits you!
You die...
Fedhas appreciates your contribution to the ecosystem.

≈≈≈≈≈≈≈≈*φ≈.B≈.§≈..$.#≈,,,,,..≈.8
≈≈≈≈≈≈≈≈≈#.....c≈....#*#*''*#≈.≈#
≈≈≈≈≈≈≈≈≈≈###...c..###.#.,,,#≈≈..
≈≈≈≈≈≈≈≈≈≈≈≈####☼###≈.≈..≈,,#....
≈≈≈≈≈≈≈≈≈≈≈≈≈≈#.§.....≈#..,,.#...
≈≈≈≈≈≈≈≈≈≈≈≈≈≈#○°.##...#....#####
≈≈≈≈≈≈≈≈≈≈≈≈≈≈...####..###.##..#≈
≈≈≈≈≈≈≈≈≈≈≈≈≈≈#..###..........≈##
≈≈≈≈≈≈≈≈≈≈≈≈≈≈#.@.8.≈...........#
≈≈≈≈≈≈≈≈≈≈≈≈≈≈#.....)..######...#
≈≈≈≈≈≈≈≈≈≈≈≈≈≈##.≈.....#..(.#.#.≈
≈≈≈≈≈≈≈≈≈≈≈≈≈≈≈##...##))......##.
≈≈≈≈≈≈≈≈≈≈≈≈≈≈≈≈##..##.)...)..≈.≈
≈≈≈≈≈≈≈≈≈≈≈≈≈≈≈≈≈#^##..).≈.).....
≈≈≈≈≈≈≈≈≈≈≈≈≈≈≈≈≈≈≈≈≈###..≈.....≈
≈≈≈≈≈≈≈≈≈≈≈≈≈≈≈≈≈≈≈t≈≈≈)###.....#
≈≈≈≈≈≈≈≈≈≈≈≈≈≈≈≈≈≈≈≈≈≈≈≈≈≈#......


You could see 2 satyrs and a snapping turtle.

Vanquished Creatures
  Saint Roka (Orc:2)
  Asterion (Spider:1)
  Frances (D:13)
  The ghost of Zenkrye the Fighter, a journeyman OgTm of Wu Jian (D:13)
  4 ghost moths
  An emperor scorpion (Spider:4)
  A very ugly thing (D:15)
  The ghost of spiderkeys the Bewitcher, a journeyman DEAK of Lugonu (D:13)
  A stone giant (shapeshifter) (D:13)
  Nessos (D:15)
  Azrael (D:15)
  The ghost of pigah the Stormcaller, a journeyman OpWn of Sif Muna (Lair:6)
  An entropy weaver (Spider:1)
  A dire elephant (Lair:6)
  A spark wasp (Spider:4)
  2 minotaurs (Shoals:4)
  Snorg (D:11)
  Josephine (D:11)
  A merfolk impaler (Shoals:3)
  3 vault guards (D:13)
  2 rakshasas (D:15)
  7 hydras
  Erolcha (D:10)
  3 catoblepae
  4 boulder beetles
  A merfolk aquamancer (Shoals:1)
  3 merfolk avatars
  4 centaur warriors
  6 two-headed ogres
  7 satyrs
  2 death yaks (Lair:6)
  An orc high priest (Orc:2)
  A spectral dire elephant (Lair:6)
  2 spectral death yaks (Lair:6)
  Sonja (Lair:5)
  8 sea snakes
  5 skeletal warriors (D:15)
  A spectral anaconda (Lair:6)
  Pikel (D:5)
  6 harpies (Shoals:4)
  A deep elf archer (D:13)
  7 orc knights
  10 wolf spider zombies (Spider:3)
  A deep elf pyromancer (D:13)
  19 orb spiders
  27 wolf spiders
  9 manticores
  5 necromancers
  20 ugly things
  5 cyclopes
  15 fauns
  4 orc sorcerers
  4 moths of wrath
  4 black mambas
  18 elephants
  4 centaur zombies
  9 merfolk sirens
  5 water nymphs
  2 gargoyles
  8 cane toads
  3 torpor snails
  A freezing wraith (D:12)
  A kobold demonologist (D:12)
  12 rime drakes
  6 redback zombies (Spider:3)
  7 demonic crawlers
  3 unseen horrors
  A tengu conjurer (D:13)
  7 komodo dragons
  2 hellwings (D:7)
  9 trolls
  18 merfolk
  A polar bear (Lair:2)
  23 jumping spiders
  A polar bear (shapeshifter) (D:15)
  6 hornets
  5 slime creatures (D:13)
  A wolf spider simulacrum (D:14)
  18 blink frogs
  2 spectral elephants (Lair:6)
  7 tarantella zombies (Spider:3)
  5 snapping turtles
  3 dream sheep (Shoals:4)
  25 tarantellas
  57 redbacks
  8 wraiths
  5 basilisks
  3 shadows (D:11)
  2 vampires (D:11)
  4 water elementals
  5 wyverns
  3 fire elementals (D:15)
  59 yaks
  3 death yak simulacra (Lair:6)
  A human (D:13)
  9 steam dragons
  8 vampire mosquitoes
  2 spectral cane toads (Lair:6)
  4 wargs
  2 acid dragons
  5 hell hounds (D:15)
  10 water moccasins
  A floating eye (shapeshifter) (D:15)
  44 orc warriors
  4 ice beasts
  4 black bears
  11 ogres
  A sky beast (D:6)
  41 wolves
  10 centaurs
  4 lemures (D:5)
  2 kobold brigands
  13 bullfrogs
  3 scorpions
  A cane toad simulacrum (Lair:6)
  A water moccasin zombie (D:6)
  An elephant simulacrum (Lair:6)
  12 killer bees
  13 wights
  A vampire bat (Lair:6)
  8 howler monkeys
  5 electric eels
  8 hounds
  17 orc priests
  2 bullfrog zombies
  3 jellies
  3 centaur skeletons
  A bullfrog skeleton (D:6)
  3 iguanas
  23 orc wizards
  A killer bee zombie (D:8)
  A hound skeleton (D:4)
  A howler monkey zombie (D:8)
  Robin (D:3)
  3 adders
  5 shadow imps (D:7)
  A white imp (D:6)
  An ufetubus (D:4)
  2 adder skeletons (D:4)
  A worm (D:5)
  94 orcs
  9 ball pythons
  An endoplasm (D:1)
  A giant cockroach (D:3)
  8 goblins
  6 hobgoblins
  4 jackals (D:3)
  6 quokkas
  11 bats
  2 frilled lizards
  13 kobolds
  A rat (D:3)
  2 ballistomycete spores
1041 creatures vanquished.

Vanquished Creatures (collateral kills)
  Nikola (Spider:1)
  A sphinx (Shoals:4)
  Agnes (Spider:1)
  A spark wasp (Spider:4)
  A great orb of eyes (D:15)
  2 vault guards (D:13)
  An ogre mage (D:13)
  A catoblepas (Lair:3)
  3 merfolk aquamancers
  A merfolk avatar (Shoals:2)
  3 satyrs
  A spectral death yak (Lair:6)
  6 sea snakes
  An obsidian statue (Lair:6)
  2 orange crystal statues (D:13)
  4 orb spiders
  A harpy (Shoals:4)
  7 wolf spiders
  An ugly thing (D:14)
  3 slime creatures (D:15)
  6 manticores
  9 fauns
  A moth of wrath (Spider:4)
  A merfolk siren (Shoals:2)
  4 elephants (Lair:6)
  A cane toad (Lair:6)
  A yaktaur (D:13)
  2 demonic crawlers
  A freezing wraith (D:13)
  A tengu conjurer (D:13)
  4 merfolk
  A troll (D:13)
  6 jumping spiders
  A hornet (Spider:4)
  A snapping turtle (Shoals:4)
  11 redbacks
  6 tarantellas
  3 water elementals
  6 yaks (Lair:6)
  2 steam dragons (Lair:2)
  A vampire mosquito (D:13)
  A spectral cane toad (Lair:6)
  A water moccasin (Lair:3)
  A wolf (Lair:3)
  A cane toad simulacrum (Lair:6)
  25 ballistomycete spores
140 creatures vanquished.

Vanquished Creatures (others)
  An emperor scorpion (Spider:4)
  An alligator snapping turtle (Shoals:4)
  2 merfolk aquamancers (Shoals:3)
  2 sea snakes
  A wolf spider (Spider:2)
  A manticore (Shoals:4)
  An oklob plant (Lair:6)
  3 fauns (Shoals:1)
  2 merfolk sirens (Shoals:1)
  4 merfolk
  A snapping turtle (Shoals:4)
  A redback (Spider:4)
  2 wolves (Lair:6)
  An orc (Orc:2)
  3 ballistomycete spores
  A bush (Lair:6)
  58 fungi
  147 plants
  27 withered plants
259 creatures vanquished.

Grand Total: 1440 creatures vanquished

Notes
Turn   | Place    | Note
-------+----------+-------------------------------------------
     0 | D:1      | mandarbmax the Demonspawn Venom Mage began the quest for
                  | the Orb.
     0 | D:1      | Reached XP level 1. HP: 13/13 MP: 3/3
    18 | D:1      | Reached skill level 1 in Transmutations
   260 | D:1      | Gained mutation: You are partially covered in rugged brown
                  | scales. (AC +1, +3% HP) [demonic ancestry]
   260 | D:1      | Reached XP level 2. HP: 13/19 MP: 0/5
   357 | D:1      | Found Piogg's Antique Weapon Emporium.
   862 | D:2      | Learned a level 2 spell: Poisonous Vapours
  1171 | D:2      | Found a faded altar of an unknown god.
  1432 | D:3      | Noticed Robin
  1444 | D:3      | Reached XP level 3. HP: 15/24 MP: 1/6
  1449 | D:3      | Killed Robin
  2539 | D:4      | Gained mutation: You are partially covered in sharp spines.
                  | [demonic ancestry]
  2539 | D:4      | Reached XP level 4. HP: 30/30 MP: 0/7
  2609 | D:4      | Noticed a scorpion
  2614 | D:4      | Killed a scorpion
  2615 | D:4      | Reached skill level 5 in Poison Magic
  2734 | D:4      | Gained mutation: You have large cloven feet. [demonic
                  | ancestry]
  2734 | D:4      | Reached XP level 5. HP: 36/36 MP: 8/8
  2813 | D:4      | Noticed an ogre
  2830 | D:4      | Killed an ogre
  2848 | D:4      | Noticed a black bear
  2988 | D:4      | Gained mutation: You are mostly covered in rugged brown
                  | scales. (AC +2, +5% HP) [demonic ancestry]
  2988 | D:4      | Reached XP level 6. HP: 40/48 MP: 4/9
  3494 | D:5      | Entered Level 5 of the Dungeon
  3494 | D:5      | Noticed an ice beast
  3522 | D:5      | Noticed a troll
  3522 | D:5      | Noticed an ice beast
  3906 | D:4      | Killed a troll
  3907 | D:4      | Reached XP level 7. HP: 22/60 MP: 6/10
  4500 | D:5      | Reached skill level 1 in Shields
  4597 | D:5      | Gained mutation: You have hoof-like feet. [demonic
                  | ancestry]
  4597 | D:5      | Reached XP level 8. HP: 57/67 MP: 11/11
  5005 | D:5      | Noticed Pikel
  5022 | D:5      | Killed Pikel
  5023 | D:5      | Reached skill level 5 in Dodging
  5406 | D:5      | Found a staircase to the Ecumenical Temple.
  5413 | Temple   | Entered the Ecumenical Temple
  5520 | Temple   | Became a worshipper of Fedhas Madash
  5593 | D:5      | Found an ornate altar of the Wu Jian Council.
  5740 | D:6      | Reached skill level 1 in Invocations
  6053 | D:6      | Gained mutation: You are mostly covered in sharp spines.
                  | [demonic ancestry]
  6053 | D:6      | Reached XP level 9. HP: 72/72 MP: 15/15
  6487 | D:6      | Reached skill level 1 in Evocations
  6694 | D:6      | Noticed a troll
  6705 | D:6      | Killed a troll
  6777 | D:6      | Reached skill level 5 in Invocations
  6813 | D:6      | Found Ataajom's Magic Scroll Shop.
  6845 | D:6      | Bought a scroll of magic mapping for 35 gold pieces
  6845 | D:6      | Bought a scroll of enchant armour for 75 gold pieces
  6845 | D:6      | Bought a scroll of teleportation for 30 gold pieces
  6845 | D:6      | Bought a scroll of enchant armour for 75 gold pieces
  6845 | D:6      | Bought a scroll of fog for 20 gold pieces
  7201 | D:6      | Bought a scroll of amnesia for 35 gold pieces
  7231 | D:7      | Learned a level 4 spell: Olgreb's Toxic Radiance
  7259 | D:7      | Noticed a hellwing
  7269 | D:7      | Reached * piety under Fedhas
  7331 | D:7      | Reached skill level 5 in Evocations
  7346 | D:7      | Reached XP level 10. HP: 76/79 MP: 14/16
  7550 | D:7      | Found a broken altar of Ashenzari.
  7989 | D:7      | Reached ** piety under Fedhas
  8050 | D:7      | Reached skill level 10 in Poison Magic
  8308 | D:8      | Found a hide-covered altar of Uskayaw.
  8308 | D:8      | Found an ancient bone altar of Kikubaaqudgha.
  8447 | D:8      | Found Zioll's General Store.
  8455 | D:8      | Bought a scroll of fear for 38 gold pieces
  8466 | D:8      | Found Fuzy's Armour Emporium.
  8619 | D:8      | Found Liwnouli's Jewellery Emporium.
  8762 | D:8      | Found Paakyuhu's General Store.
  8770 | D:8      | Bought a scroll of identify for 28 gold pieces
  8771 | D:8      | Identified the +11 rapier of the Singing Whale {vorpal,
                  | rN+}
  9053 | D:8      | Found Moxkaes's Magic Scroll Shoppe.
  9389 | D:9      | Noticed a cyclops
  9405 | D:9      | Killed a cyclops
  9733 | D:9      | Reached *** piety under Fedhas
  9904 | D:9      | Gained mutation: You are completely covered in sharp
                  | spines. [demonic ancestry]
  9904 | D:9      | Reached XP level 11. HP: 90/91 MP: 17/17
 10296 | D:9      | Learned a level 3 spell: Ozocubu's Armour
 10493 | D:10     | Entered Level 10 of the Dungeon
 10493 | D:10     | Noticed a two-headed ogre
 10500 | D:10     | Reached skill level 1 in Short Blades
 10503 | D:10     | Killed a two-headed ogre
 10765 | D:8      | Bought a scroll of enchant armour for 120 gold pieces
 10827 | D:10     | Noticed a two-headed ogre
 10843 | D:10     | Killed a two-headed ogre
 11042 | D:10     | Found a sparkling altar of Nemelex Xobeh.
 11083 | D:10     | Noticed Erolcha
 11097 | D:10     | Learned a level 3 spell: Mephitic Cloud
 11112 | D:10     | Killed Erolcha
 11113 | D:10     | Reached skill level 1 in Ice Magic
 11413 | D:10     | Found a staircase to the Orcish Mines.
 11444 | D:10     | Found the +12 glaive of Prune {vorpal}
 11668 | D:10     | Found a hazy altar of Hepliaklqana.
 11932 | D:11     | Noticed Snorg
 11944 | D:11     | Killed Snorg
 12157 | D:11     | Noticed a green ugly thing
 12171 | D:11     | Killed a green ugly thing
 12172 | D:11     | Reached skill level 10 in Fighting
 12306 | D:11     | Noticed a two-headed ogre
 12313 | D:11     | Killed a two-headed ogre
 12314 | D:11     | Reached skill level 5 in Short Blades
 12392 | D:11     | Reached **** piety under Fedhas
 12603 | D:11     | Reached skill level 5 in Ice Magic
 12669 | D:11     | Found a staircase to the Lair.
 12864 | D:11     | Noticed Josephine
 12873 | D:11     | Killed Josephine
 12874 | D:11     | Gained mutation: You sometimes gain a little power by
                  | taking damage. [demonic ancestry]
 12874 | D:11     | Reached XP level 12. HP: 90/101 MP: 17/18
 12930 | D:11     | Identified the amulet "Upuapli" {Reflect rN+ SH+5}
 14008 | D:12     | Noticed a boulder beetle
 14021 | D:12     | Killed a boulder beetle
 14349 | Lair:1   | Entered Level 1 of the Lair of Beasts
 14646 | Lair:1   | Learned a level 6 spell: Simulacrum
 14928 | Lair:1   | Reached skill level 1 in Necromancy
 14928 | Lair:1   | Reached skill level 10 in Invocations
 15100 | Lair:1   | Reached ***** piety under Fedhas
 15312 | Lair:2   | Reached skill level 5 in Necromancy
 15456 | Lair:2   | Found a hole to the Spider Nest.
 15577 | Lair:2   | Noticed a five-headed hydra
 15596 | Lair:2   | Killed a five-headed hydra
 15971 | Lair:2   | Noticed a catoblepas
 15993 | Lair:2   | Killed a catoblepas
 16211 | Lair:2   | Noticed a boulder beetle
 16223 | Lair:2   | Killed a boulder beetle
 16224 | Lair:2   | Reached XP level 13. HP: 106/108 MP: 5/20
 16941 | Lair:2   | Identified 2 scrolls of acquirement
 16943 | Lair:2   | Acquired a staff of poison
 16945 | Lair:2   | Acquired the ring "Ipo Ahum" {EV+4 Str+2 Int+4 Slay-3 SInv}
 17086 | Orc:1    | Entered Level 1 of the Orcish Mines
 17538 | Orc:1    | Reached skill level 1 in Staves
 18012 | Orc:2    | Entered Level 2 of the Orcish Mines
 18012 | Orc:2    | Found a staircase to the Elven Halls.
 18778 | Orc:2    | Reached ****** piety under Fedhas
 19544 | Orc:2    | Found Isaren's General Store.
 19961 | Orc:2    | Noticed Saint Roka
 19969 | Orc:2    | Found Icsah's Antique Armour Shoppe.
 20413 | Orc:2    | Killed Saint Roka
 20509 | Orc:2    | Found Quur's Antique Weapon Emporium.
 20530 | Orc:2    | Bought a brightly glowing leather armour for 252 gold
                  | pieces
 20530 | Orc:2    | Identified the +0 leather armour of Midwinter {Will+ Int+3}
                  | (You bought it in a shop on level 2 of the Orcish Mines)
 20886 | Orc:2    | Found Qynnidil's Magic Scroll Boutique.
 21250 | Orc:2    | Bought a scroll of acquirement for 884 gold pieces
 21250 | Orc:2    | Acquired a +5 quick blade
 21908 | Lair:3   | Reached XP level 14. HP: 91/116 MP: 21/21
 22676 | Lair:3   | Found a staircase to the Shoals.
 23553 | Lair:3   | Acquired 985 gold pieces
 24715 | Lair:5   | Noticed Sonja
 24737 | Lair:5   | Killed Sonja
 26465 | Lair:6   | Entered Level 6 of the Lair of Beasts
 26474 | Lair:6   | Reached skill level 5 in Spellcasting
 27416 | Lair:6   | Reached skill level 10 in Necromancy
 27710 | Lair:6   | Reached skill level 5 in Stealth
 29083 | Lair:6   | Gained mutation: You are completely covered in rugged brown
                  | scales. (AC +3, +7% HP) [demonic ancestry]
 29083 | Lair:6   | Reached XP level 15. HP: 118/128 MP: 16/24
 29845 | Lair:6   | Found a staircase to the Slime Pits.
 30076 | Lair:6   | Found a viscous altar of Jiyva.
 30116 | Lair:6   | Found a runed translucent door.
 30951 | Lair:6   | Noticed pigah's ghost (journeyman OpWn)
 31259 | Lair:6   | Killed pigah's ghost
 31539 | D:13     | Found a transporter.
 31546 | D:13     | Noticed spiderkeys's ghost (journeyman DEAK)
 31555 | D:13     | Noticed Zenkrye's ghost (journeyman OgTm)
 31743 | D:13     | Acquired the +1 cloak "Hullofag" {rElec rF+++ Str+4 Int-3}
 31839 | D:13     | Found a transporter.
 31906 | D:13     | Identified the +1 robe of Yshrisah {Str+2}
 32178 | D:13     | Noticed Frances
 32193 | D:13     | Killed Frances
 32564 | D:13     | Paralysed by an ogre mage for 6 turns
 32586 | D:13     | Found a gate to the Vaults.
 32875 | D:13     | Noticed a storm dragon
 33214 | D:13     | Noticed a sphinx
 33223 | D:13     | a sphinx changed into a stone giant
 33286 | D:13     | Killed Zenkrye's ghost
 33580 | D:13     | Killed spiderkeys's ghost
 34012 | D:13     | Was placed under penance by Fedhas
 34316 | D:14     | Found a sacrificial altar of Ru.
 35475 | D:14     | Reached skill level 10 in Dodging
 35900 | D:15     | Entered Level 15 of the Dungeon
 36433 | D:15     | Reached XP level 16. HP: 135/135 MP: 26/26
 36442 | D:15     | Was forgiven by Fedhas
 37640 | D:15     | Reached skill level 15 in Invocations
 37648 | D:15     | Found a staircase to the Depths.
 37944 | D:15     | Noticed Nessos
 37951 | D:15     | Killed Nessos
 37980 | D:15     | Noticed Azrael
 38024 | D:15     | Killed Azrael
 38544 | Spider:1 | Entered Level 1 of the Spider Nest
 38850 | Spider:1 | Noticed Agnes
 38861 | Spider:1 | Killed Agnes
 38868 | Spider:1 | Noticed Asterion
 38904 | Spider:1 | Killed Asterion
 39313 | Spider:1 | Noticed Nikola
 39745 | Spider:1 | Killed Nikola
 41898 | Spider:3 | Reached XP level 17. HP: 56/142 MP: 14/29
 43563 | Spider:4 | Entered Level 4 of the Spider Nest
 44005 | Spider:3 | Reached skill level 15 in Necromancy
 44038 | Spider:3 | Identified the +7 scimitar "Fiumn" {antimagic, Dex+5
                  | Stlth-}
 44208 | Spider:4 | Identified the +0 plate armour of Ashenzari's Scorn {rCorr
                  | Dex+3}
 44220 | Spider:4 | Learned a level 8 spell: Infestation
 44227 | Spider:4 | Learned a level 6 spell: Eringya's Noxious Bog
 45039 | Spider:4 | HP: 7/142 [poisoned by a redback]
 45288 | Spider:4 | Got a gossamer rune of Zot
 45700 | Spider:4 | Reached skill level 5 in Transmutations
 46098 | Shoals:1 | Entered Level 1 of the Shoals
 46116 | Shoals:1 | Gained mutation: Your body sometimes deteriorates upon
                  | taking damage. [mutagenic glow]
 47561 | Shoals:1 | Gained mutation: You have hooves in place of feet. [demonic
                  | ancestry]
 47561 | Shoals:1 | Reached XP level 18. HP: 150/150 MP: 13/30
 47568 | Shoals:1 | Acquired a +2 helmet of intelligence
 47581 | Shoals:1 | Identified the ring "Kesoug" {Int+6 Dex+3 Slay+2}
 47781 | D:13     | Identified the +1 robe of Privacy {-Tele rElec rF+}
 51672 | Shoals:4 | Entered Level 4 of the Shoals
 53055 | Shoals:4 | Paralysed by a sphinx for 2 turns
 53082 | Shoals:4 | HP: 4/155 [satyr/sling bullet (8)]
 53082 | Shoals:4 | Shot with an arrow by a satyr

Illustrated notes

Levels and vault maps discovered:
D:1:      grunt_arrival_lava_bath, layout_basic, serial_shops, shop,
          minmay_misc_feat_nine_boxes
D:2:      layout_rooms, basic_ecumenical_altar
D:3:      layout_rooms, uniq_robin
D:4:      layout_cave_pools, grunt_ministairs_2, minmay_manual_monstrance
D:5:      layout_loops_ring, nzn_wu_jian_council_hall,
          minmay_temple_entry_butterflies, uniq_pikel
D:6:      layout_layer_cave, serial_shops, shop
D:7:      cheibrodos_grave_circle, layout_loops_cross, evilmike_ruin_ashenzari
D:8:      layout_rooms, mainiacjoe_overflow_divided_tiny, serial_shops, shop,
          nicolae_shop_advertising_works [nicolae_subvault_shop_adworks], shop,
          nicolae_diamond_shop, nicolae_take_the_stairs
D:9:      cheibrodos_iron_armory, layout_loops_ring, minivault_23
D:10:     layout_long_grid, nemelex_spade_bored_becter,
          mainiacjoe_overflow_catwalk, orc_0_dummy, uniq_erolcha
D:11:     layout_layer_cave, erik_lair_island, minmay_between, uniq_josephine,
          uniq_snorg
D:12:     layout_big_octagon
D:13:     layout_irregular_city, grunt_vaults_entry_fortified,
          nzn_ghost_randoct, hangedman_abyss_or_decor_stagger, uniq_frances
D:14:     layout_grid_maze, nicolae_ru_sacrificial_ziggurat
D:15:     gammafunk_enter_depths_forms, layout_irregular_city, minivault_11,
          uniq_nessos, uniq_azrael
Temple:   kb_temple_of_zot
Lair:1:   layout_cave_pods, grunt_megastairs_2
Lair:2:   layout_gridlike, spider_nest_entry_web_field,
          bobbens_dragon_lair_wall, infiniplex_staircase_pool
Lair:3:   beast_lair_carwin_large_2, layout_chaotic_city,
          minmay_shoals_entry_centaurs, grunt_forest_stairs_basic,
          grunt_forest_large_clearings
Lair:4:   layout_loops_ring, columned_hall_lemuel
Lair:5:   layout_cave_shapes, eino_small_chamber_without_monster,
          nicolae_lair_grove_arrangements, beast_lair_carwin_9, uniq_sonja
Lair:6:   due_jungle_book, layout_regular_city, slime_altar_1,
          ebering_ghost_inner_flame, roderic_batcave
Shoals:1: cheibrodos_shoals_three_sisters, layout_shoals,
          nicolae_shoals_this_corrosion
Shoals:2: layout_shoals
Shoals:3: layout_shoals
Shoals:4: shoals_end_hellmonk_lost_city
Spider:1: layout_spider_delve, uniq_asterion, uniq_nikola, uniq_agnes
Spider:2: layout_spider_delve
Spider:3: lemuel_spider_zombies
Spider:4: grunt_spider_rune_parallel
Orc:1:    layout_diamond_mine, basic_altar
Orc:2:    grunt_orc_community_town_hall, layout_caves,
          grunt_orc_community_big_house_1, grunt_orc_community_big_house_2,
          grunt_orc_community_house_3, grunt_orc_community_house_2,
          grunt_orc_community_house_3, grunt_orc_community_house_1, basic_altar

Skill      XL: |  1  2  3  4  5  6  7  8  9 10 11 12 13 14 15 16 17 18 |
---------------+-------------------------------------------------------+-----
Transmutations | 1 6 |  6.0
Dodging        | 2 4 5 7 8 10 11 | 11.9
Poison Magic   | 4 5 6 7 10 | 10.0
Fighting       | 2 6 8 10 12 13 | 13.9
Shields        | 1 4 |  4.0
Spellcasting   | 4 6 8 |  8.8
Stealth        | 2 4 6 8 |  8.0
Invocations    | 2 6 10 14 16 | 16.0
Evocations     | 5 8 |  8.0
Short Blades   | 6 8 |  8.0
Ice Magic      | 5 6 7 8 |  8.0
Necromancy     | 6 8 10 13 16 | 16.0
Staves         | 4 |  4.6

Action                   |  1- 3 |  4- 6 |  7- 9 | 10-12 | 13-15 | 16-18 || total
-------------------------+-------+-------+-------+-------+-------+-------++-------
Melee: Rapier            |    28 |    32 |    70 |   402 |    45 |       ||   577
       Unarmed           |     1 |       |       |       |       |       ||     1
       Kick              |       |     4 |     5 |       |       |   110 ||   119
       Staff             |       |       |       |       |   188 |       ||   188
       Quick blade       |       |       |       |       |  2206 |  1864 ||  4070
 Cast: Sting             |    62 |    28 |   116 |    61 |    50 |    13 ||   330
       Poisonous Vapours |    13 |    17 |    45 |    68 |    55 |    11 ||   209
       Olgreb's Toxic Ra |       |       |     3 |    40 |   120 |    81 ||   244
       Ozocubu's Armour  |       |       |       |    22 |    74 |    30 ||   126
       Simulacrum        |       |       |       |       |    65 |    91 ||   156
       Mephitic Cloud    |       |       |       |       |     1 |     1 ||     2
       Eringya's Noxious |       |       |       |       |       |    21 ||    21
       Infestation       |       |       |       |       |       |    12 ||    12
Invok: Wall of Briars    |       |       |       |     1 |     1 |     1 ||     3
       Overgrow          |       |       |       |       |     6 |     2 ||     8
       Grow Oklob        |       |       |       |       |     1 |     2 ||     3
       Grow Ballistomyce |       |       |       |       |     3 |     1 ||     4
Evoke: Wand              |       |       |       |     9 |     9 |    37 ||    55
       Box of beasts     |       |       |       |       |     2 |     1 ||     3
  Use: Scroll            |     7 |       |     9 |     9 |    14 |    10 ||    49
       Potion            |       |       |     1 |     2 |     5 |     8 ||    16
 Stab: Sleeping          |       |     1 |     2 |     7 |    12 |    20 ||    42
       Distracted        |       |       |       |       |     6 |       ||     6
       Confused          |       |       |       |       |     1 |       ||     1
Armor: Robe              |     8 |    18 |       |       |       |       ||    26
       Troll leather arm |       |       |    62 |   115 |       |       ||   177
       Steam dragon scal |       |       |       |   124 |   369 |   267 ||   760
Dodge: Dodged            |    41 |    43 |   118 |   322 |   758 |   582 ||  1864
Block: Buckler           |       |       |    34 |   188 |   669 |   497 ||  1388
       Reflection        |       |       |       |     1 |    11 |    40 ||    52

Table legend: (Time is in decaauts)
 A = Elapsed time spent in this place.
 B = Non-inter-level travel time spent in this place.
 C = Inter-level travel time spent in this place.
 D = Time resting spent in this place.
 E = Time spent auto-exploring this place.
 F = Levels seen in this place.
 G = Mean time per level.
                   A        B        C        D        E       F      G
               +--------+--------+--------+--------+--------+-----+--------+
         Total |  50831 |  48051 |   2780 |  12705 |  27586 |  32 | 1588.5 |
       Dungeon |  21040 |  19566 |   1474 |   4047 |  12268 |  15 | 1402.7 |
        Temple |    136 |     91 |     45 |      0 |     80 |   1 |  136.0 |
          Lair |  12914 |  12178 |    736 |   3774 |   6772 |   6 | 2152.3 |
        Shoals |   6390 |   6295 |     95 |   1802 |   3416 |   4 | 1597.5 |
   Spider Nest |   6098 |   5832 |    266 |   1058 |   3599 |   4 | 1524.5 |
  Orcish Mines |   4251 |   4089 |    162 |   2023 |   1450 |   2 | 2125.5 |
               +--------+--------+--------+--------+--------+-----+--------+

Top non-repeatable levels by time:
  Lair:6: 4228 daAuts
   Orc:2: 2881 daAuts
  Lair:2: 2745 daAuts
    D:13: 2720 daAuts
  Lair:3: 2478 daAuts
Shoals:1: 1998 daAuts
Spider:2: 1958 daAuts
    D:15: 1836 daAuts
    D:14: 1814 daAuts
    D:11: 1741 daAuts
Spider:3: 1731 daAuts
Shoals:2: 1708 daAuts
Shoals:3: 1658 daAuts
     D:4: 1640 daAuts
Spider:4: 1629 daAuts
